 Dungeon Crawl Stone Soup version 0.20-a0-839-gdaf5c57 (webtiles) character file.

156 Fenrisulfr the Ruffian (level 5, -4/46 HPs)
             Began as a Ghoul Monk on Mar 8, 2017.
             Was a Believer of Wu Jian.
             Slain by a gnoll
             ... wielding a +0 halberd
              (8 damage)
             ... on level 3 of the Dungeon on Mar 9, 2017.
             The game lasted 00:13:31 (2600 turns).

Fenrisulfr the Ruffian (Ghoul Monk)                 Turns: 2600, Time: 00:13:31

Health: -4/46      AC:  4    Str: 15 (16) XL:     5   Next: 37%
Magic:  4/4        EV: 13    Int:  2 (5)  God:    Wu Jian [**....]
Gold:   192        SH:  0    Dex: 10 (11) Spells: 4/4 levels left

rFire    . . .     SeeInvis .     - Unarmed
rCold    + . .     Gourm    .   a - +0 robe
rNeg     + + +     Faith    .   (no shield)
rPois    ∞         Spirit   .   (no helmet)
rElec    .         Reflect  .   (no cloak)
rCorr    .         Harm     .   (no gloves)
MR       .....                  j - +1 pair of boots
Stlth    ++........             (no amulet)
Regen    0.0/turn               (no ring)
MPRegen  0.1/turn               (no ring)

@: rotting
A: rotting body, claws 1, carnivore 3, cold resistance 1, negative energy
resistance 3, inhibited regeneration, torment resistance, unbreathing
a: Renounce Religion


You were on level 3 of the Dungeon.
You worshipped Wu Jian.
Wu Jian was pleased with you.
You were not hungry.

You visited 1 branch of the dungeon, and saw 3 of its levels.

You collected 192 gold pieces.

Inventory:

Armour
 a - a +0 robe (worn)
 j - a +1 pair of boots (worn)
Jewellery
 d - a +3 ring of intelligence {unknown}
Scrolls
 c - 4 scrolls of remove curse {unknown}
 e - 4 scrolls of identify {unknown}
 h - a scroll of enchant armour {unknown}
 m - a scroll of random uselessness {unknown}
Potions
 f - a potion of degeneration
 g - a potion of curing {unknown}
 i - 4 potions of heal wounds {unknown}
 k - 2 potions of berserk rage {unknown}
Comestibles
 b - 3 meat rations
 l - a chunk of flesh


   Skills:
 + Level 4.1 Fighting
 + Level 3.3 Dodging
 + Level 3.3 Stealth
 + Level 5.0 Unarmed Combat


You had 4 spell levels left.
You didn't know any spells.

Dungeon Overview and Level Annotations

Branches:
Dungeon (3/15)

Altars:
Nemelex Xobeh
Sif Muna
Wu Jian


Innate Abilities, Weirdness & Mutations

Your body is rotting away.
You thrive on raw meat.
You are immune to poison.
You have sharp fingernails.
You are carnivorous and can eat meat at any time.
Your flesh is cold resistant. (rC+)
You are immune to negative energy. (rN+++)
You do not regenerate when monsters are visible.
You are immune to unholy pain and torment.
You can survive without breathing.


Message History

The gnoll barely misses you.
You closely miss the gnoll.
The gnoll hits you from afar with a spear.
You scratch the gnoll but do no damage. The gnoll barely misses you.
The gnoll completely misses you.
You scratch the gnoll but do no damage. The gnoll completely misses you.
The gnoll hits you from afar with a spear.
You scratch the gnoll but do no damage. Your claw misses the gnoll.
The gnoll closely misses you. The gnoll hits you with a halberd!
The gnoll barely misses you.
You see here 21 arrows.
It was a potion of degeneration.
There was something very wrong with that liquid.
You feel weakened.
You feel dopey.
You feel clumsy. The gnoll hits you with a halberd!
* * * LOW HITPOINT WARNING * * *
The gnoll hits you from afar with a spear.
* * * LOW HITPOINT WARNING * * *
You completely miss the gnoll. The gnoll hits you with a halberd!
You die...

.....#####.......#
####### #..## .....#
#.......####.....####.##
.%...#
########.....###...##..#
.....# #...).......##
##..###.# .....#
#...........# #.......
.....### #...........##
#..(.... ###....#
#............#+ ##'#....
#....#
#......(.#####.##))##..#
#....# ####.##@##
#'%.).#).. ##....# #.
#g# ##....#... #.....#
#. #g# ###..##.#.
##.....# #.##.#
#.####.... .#.....#
#....## #......###
.#.....# #.###)#
#.###.#.# .......# #.
##......# #...# .#.##.##
#.### ......# ###.#
......# #... ....#.# #.#


You could see 2 gnolls.

Vanquished Creatures
  Ijyb (D:2)
  5 adders
  A gnoll (D:3)
  An ooze (D:1)
  2 worms (D:2)
  3 dart slugs
  A leopard gecko (D:3)
  6 giant cockroaches
  3 goblins
  5 hobgoblins
  2 jackals (D:2)
  2 quokkas (D:2)
  A ball python (D:1)
  7 bats
  6 frilled lizards
  7 kobolds
  8 rats
61 creatures vanquished.

Notes
Turn   | Place    | Note
-------+----------+-------------------------------------------
     0 | D:1      | Fenrisulfr the Ghoul Monk began the quest for the Orb.
     0 | D:1      | Reached XP level 1. HP: 19/19 MP: 0/0
   219 | D:1      | Reached XP level 2. HP: 23/26 MP: 1/1
   744 | D:1      | Reached skill level 4 in Unarmed Combat
   744 | D:1      | Reached XP level 3. HP: 30/30 MP: 2/2
  1241 | D:2      | Reached XP level 4. HP: 38/40 MP: 3/3
  1245 | D:2      | Noticed Ijyb
  1257 | D:2      | Killed Ijyb
  1886 | D:2      | Found an ornate altar of the Wu Jian Council.
  1896 | D:2      | Became a worshipper of the Wu Jian Council
  1896 | D:2      | Reached * piety under Wu Jian
  1896 | D:2      | Reached ** piety under Wu Jian
  2000 | D:2      | Found a sparkling altar of Nemelex Xobeh.
  2016 | D:2      | Reached XP level 5. HP: 46/46 MP: 4/4
  2425 | D:3      | Found a deep blue altar of Sif Muna.
  2585 | D:3      | Reached skill level 5 in Unarmed Combat
  2600 | D:3      | Slain by a gnoll

Vault maps used:
D:1:      scummos_arrival_simple_fountains, kennysheep_flooded_box
D:2:      nemelex_xobeh_ov_fountains_minmay, lemuel_coloured_pillars_altar,
          uniq_iyjb
D:3:      lemuel_blue_sif_altar, gammafunk_temple_overflow_pools, first_bread,
          minmay_joined_circles

Skill      XL: |  1  2  3  4  5 |
---------------+----------------+-----
Unarmed Combat | 4 5 |  5.0
Dodging        | 3 |  3.3
Stealth        | 3 |  3.3
Fighting       | 4 |  4.1

Action                   |  1- 3 |  4- 6 || total
-------------------------+-------+-------++-------
Melee: Unarmed           |    96 |   112 ||   208
       Punch             |     1 |       ||     1
  Use: Potion            |       |     1 ||     1
 Stab: Sleeping          |     3 |     4 ||     7
  Eat: Chunk             |    10 |     4 ||    14
Armor: Robe              |    28 |    14 ||    42
Dodge: Dodged            |    78 |    64 ||   142
